 Dungeon Crawl Stone Soup version 0.28-a0-1348-g050f3537b9 (webtiles) character file.

Game seed: 8722808336086056424

3201 HessuHobo the Fighter (level 9, -8/83 HPs)
             Began as a Minotaur Berserker on Dec 30, 2021.
             Was an Elder of Trog.
             Mangled by Grum (23 damage)
             ... on level 8 of the Dungeon.
             The game lasted 00:11:46 (12038 turns).

HessuHobo the Fighter (Minotaur Berserker)         Turns: 12038, Time: 00:11:47

Health: -8/83      AC: 13    Str: 26    XL:     9   Next: 65%
Magic:  8/8        EV:  8    Int:  4    God:    Trog [****..]
Gold:   412        SH:  0    Dex: 10    Spells: 8/8 levels left

rFire   . . .      SeeInvis .   a - +0 hand axe
rCold   . . .      Faith    .   (no shield)
rNeg    . . .      Spirit   .   D - +0 plate armour
rPois   +          Reflect  .   (helmet restricted)
rElec   .          Harm     .   y - scarf {+Inv}
rCorr   .          Rampage  .   (no gloves)
Will    .....                   (no boots)
Stlth   ..........              (no amulet)
HPRegen 0.23/turn               z - ring of poison resistance
MPRegen 0.11/turn               (no ring)

@: no status effects
A: horns 2, retaliatory headbutt
a: Renounce Religion, Evoke Invisibility, Berserk, Trog's Hand, Brothers in Arms


You were on level 8 of the Dungeon.
You worshipped Trog.
Trog was greatly pleased with you.
You visited 1 branch of the dungeon, and saw 8 of its levels.
You also visited: Sewer.

You collected 412 gold pieces.

Inventory:

Hand Weapons
 a - a +0 hand axe (weapon)
 b - a +0 hand crossbow
 E - a +2 flail of protection
 H - a +0 club
Missiles
 G - 95 bolts
Armour
 o - a +3 leather armour of poison resistance
 y - a scarf of invisibility (worn)
 A - a +0 ring mail of cold resistance
 D - a +0 plate armour (worn)
 F - +0 acid dragon scales
Jewellery
 z - a ring of poison resistance (left hand)
 I - a ring of fire
Wands
 m - a wand of iceblast (6)
 u - a wand of flame (30)
 x - a wand of acid (21)
Scrolls
 c - a scroll of enchant weapon {unknown}
 d - a scroll of blinking {unknown}
 e - 2 scrolls of holy word {unknown}
 h - a scroll of fear {unknown}
 s - a scroll of teleportation {unknown}
 t - 2 scrolls of noise {unknown}
 v - a scroll of acquirement {unknown}
 w - 2 scrolls of magic mapping {unknown}
 B - 2 scrolls of immolation {unknown}
 C - 2 scrolls of summoning {unknown}
Potions
 f - a potion of flight {unknown}
 g - 3 potions of heal wounds
 i - 3 potions of curing
 j - 2 potions of attraction
 k - 2 potions of magic
 l - 2 potions of resistance
 n - 2 potions of brilliance
 p - a potion of invisibility
 q - 2 potions of might
 r - 2 potions of haste {unknown}


   Skills:
 + Level 9.2 Fighting
 + Level 9.1 Axes
 + Level 2.4 Crossbows
 + Level 8.7 Armour
 - Level 2.1 Dodging
 + Level 4.9 Evocations


You had 8 spell levels left.
You didn't know any spells.
Your spell library was empty.

Dungeon Overview and Level Annotations

Branches:
Dungeon (8/15)             Temple (0/1) D:4            Lair (0/6) D:8
  Sewer (visited)

Altars:
Vehumet

Shops:
D:7 (

Annotations:
D:7 3 runed translucent doors, anet's ghost, novice GnWz
D:8 Grum


Innate Abilities, Weirdness & Mutations

You have a pair of horns on your head.
You reflexively headbutt those who attack you in melee.


Message History

The wolf is lightly wounded.
The wolf bites you but does no damage.
Grum hits you from afar with a -1 glaive.
You hit the wolf.
The wolf is moderately wounded.
The wolf closely misses you. Grum hits you but does no damage.
The wolf closely misses you.
You slash the wolf!
The wolf is severely wounded.
The wolf bites you but does no damage.
Grum hits you from afar with a -1 glaive!
You hit the wolf. You headbutt the wolf.
The wolf is almost dead.
The wolf barely misses you. The wolf bites you. Grum closely misses you.
You closely miss the wolf.
You headbutt the wolf, but do no damage.
The wolf is almost dead.
The wolf barely misses you. You furiously retaliate!
You headbutt the wolf. The wolf bites you but does no damage.
Grum closely misses you. The wolf bites you.
You closely miss the wolf. Your headbutt misses the wolf.
The wolf is almost dead.
The wolf bites you but does no damage. The wolf bites you.
The wolf closely misses you.
You hit the wolf.
You kill the wolf!
Trog accepts your kill. Grum hits you but does no damage.
Grum hits you with a -1 glaive!!
* * * LOW HITPOINT WARNING * * *
You hit Grum. You headbutt Grum!
Grum is moderately wounded.
Grum lets out an intimidating howl.
Grum closely misses you.
You slash Grum! You headbutt Grum, but do no damage.
Grum is heavily wounded.
Grum stares intently and barks.
Grum hits you with a -1 glaive!!
You die...

### ####### .... #.....# .....
#.....#
......##############.....#####
......(....hg@.....'.....'....
......##############.....##.##
..... ##########.....##.# ....
...............##.# ...
............)..##.## ..
...............##.## .
.[.....>.....####.##
.............# #.##
............†####'##


You could see Grum and a wolf.

Vanquished Creatures
  Maggie (D:6)
  4 yaks (D:5)
  Edmund (D:6)
  A water moccasin (D:7)
  An ice beast (D:6)
  An orc warrior (D:6)
  2 necrophages
  A phantom (D:7)
  2 wolves (D:8)
  2 centaurs (D:7)
  3 bullfrogs
  A kobold brigand (D:7)
  A gnoll sergeant (D:6)
  A scorpion (D:6)
  2 centaur zombies
  A hound (D:4)
  8 jellies
  A gnoll shaman (D:5)
  2 orc priests (D:5)
  A bullfrog skeleton (D:5)
  Ijyb (D:3)
  Terence (D:2)
  7 orc wizards
  11 gnolls
  2 howler monkey skeletons
  6 adders
  3 shadow imps
  A white imp (D:6)
  3 worms (Sewer)
  A dart slug (D:2)
  15 orcs
  16 endoplasms
  8 giant cockroaches
  6 goblins
  3 hobgoblins (D:2)
  4 jackals (D:2)
  3 quokkas
  3 ball pythons
  4 bats
  8 frilled lizards
  10 kobolds
  6 rats
  A spectral kobold (D:1)
160 creatures vanquished.

Notes
Turn   | Place    | Note
-------+----------+-------------------------------------------
     0 | D:1      | HessuHobo the Minotaur Berserker began the quest for the
                  | Orb.
     0 | D:1      | Reached XP level 1. HP: 19/19 MP: 0/0
   644 | D:1      | Reached XP level 2. HP: 27/27 MP: 1/1
   867 | D:1      | Found a faded altar of an unknown god.
  1447 | D:2      | Noticed Terence
  1519 | D:2      | Killed Terence
  1520 | D:2      | Reached XP level 3. HP: 17/34 MP: 2/2
  1918 | D:2      | Reached XP level 4. HP: 40/41 MP: 3/3
  2341 | D:2      | Found a radiant altar of Vehumet.
  3350 | D:3      | Noticed Ijyb
  3366 | D:3      | Killed Ijyb
  3484 | D:3      | Found a glowing drain.
  3608 | Sewer    | Entered a sewer
  3664 | Sewer    | Reached ** piety under Trog
  3680 | Sewer    | Reached XP level 5. HP: 47/47 MP: 4/4
  3688 | Sewer    | Reached skill level 5 in Fighting
  3690 | Sewer    | Reached skill level 5 in Axes
  4168 | Sewer    | Found a viscous altar of Jiyva.
  4630 | Sewer    | Reached XP level 6. HP: 36/56 MP: 5/5
  5104 | D:4      | Found a staircase to the Ecumenical Temple.
  5301 | D:4      | Reached skill level 5 in Armour
  6389 | D:5      | Entered Level 5 of the Dungeon
  6482 | D:5      | Reached XP level 7. HP: 58/63 MP: 6/6
  6630 | D:5      | Reached *** piety under Trog
  6693 | D:5      | Reached skill level 1 in Evocations
  7843 | D:6      | Noticed a yak
  7843 | D:6      | Noticed a yak
  7843 | D:6      | Noticed a yak
  7843 | D:6      | Noticed a yak
  7854 | D:5      | Killed a yak
  8038 | D:5      | Killed a yak
  8039 | D:5      | Reached XP level 8. HP: 54/73 MP: 7/7
  9017 | D:6      | Noticed Edmund
  9055 | D:6      | Killed Edmund
  9060 | D:6      | Noticed Maggie
  9080 | D:6      | Killed Maggie
  9081 | D:6      | Reached XP level 9. HP: 9/82 MP: 8/8
 10695 | D:7      | Reached **** piety under Trog
 11215 | D:7      | Noticed anet's ghost (novice GnWz)
 11216 | D:7      | Found a runed translucent gate.
 11216 | D:7      | Noticed a tengu warrior
 11217 | D:7      | Found a runed translucent gate.
 11222 | D:7      | Found a runed translucent gate.
 11265 | D:7      | Reached skill level 1 in Crossbows
 11767 | D:7      | Found Leloa's Antique Weapon Shop.
 11969 | D:8      | Found a staircase to the Lair.
 12016 | D:8      | Noticed Grum
 12038 | D:8      | Mangled by Grum

Illustrated notes

Levels and vault maps discovered:
D:1:      lightli_arrival_lavapool, layout_loops_corners,
          dreamdust_ecumenical_altar_drowned_temple
D:2:      layout_loops_corners, basic_altar, supply_closet_lemuel, minivault_25,
          minmay_increasing_density, uniq_terence
D:3:      layout_basic, portal_sewer_entry_e, minivault_11, uniq_ijyb
D:4:      layout_gridville, minmay_temple_entry_mini_moons
D:5:      layout_basic, minmay_misc_feat_tiny
D:6:      layout_basic, uniq_edmund, uniq_maggie
D:7:      layout_basic, gammafunk_ghost_split, serial_shops,
          nicolae_shop_crystal
D:8:      layout_basic, lair_entry_dummy, uniq_erica, uniq_prince_ribbit1,
          uniq_grum

Skill      XL: |  1  2  3  4  5  6  7  8  9 |
---------------+----------------------------+-----
Fighting       | 4 5 6 7 8 9 |  9.2
Axes           | 4 5 6 7 8 9 |  9.1
Armour         | 3 4 5 6 7 8 |  8.7
Evocations     | 2 4 |  4.9
Crossbows      | 2 |  2.4
Dodging        | |  2.1

Action                   |  1- 3 |  4- 6 |  7- 9 || total
-------------------------+-------+-------+-------++-------
Melee: Hand axe          |    47 |   161 |   286 ||   494
       Headbutt          |     7 |    28 |    69 ||   104
 Fire: Hand crossbow     |       |       |    24 ||    24
Invok: Berserk           |       |     1 |     1 ||     2
       Trog's Hand       |       |       |     1 ||     1
  Use: Scroll            |       |     5 |     2 ||     7
Armor: Animal skin       |     4 |       |       ||     4
       Ring mail         |     9 |     6 |       ||    15
       Chain mail        |       |    58 |    83 ||   141
       Plate armour      |       |       |    43 ||    43
Dodge: Dodged            |    24 |    58 |   106 ||   188

Table legend: (Time is in decaauts)
 A = Elapsed time spent in this place.
 B = Non-inter-level travel time spent in this place.
 C = Inter-level travel time spent in this place.
 D = Time resting spent in this place.
 E = Time spent auto-exploring this place.
 F = Levels seen in this place.
 G = Mean time per level.
                   A        B        C        D        E       F      G
               +--------+--------+--------+--------+--------+-----+--------+
         Total |  12104 |  11278 |    826 |   5497 |   4398 |   9 | 1344.9 |
       Dungeon |  10713 |   9887 |    826 |   4474 |   4235 |   8 | 1339.1 |
         Sewer |   1390 |   1390 |      0 |   1023 |    162 |   1 | 1390.0 |
               +--------+--------+--------+--------+--------+-----+--------+

Top non-repeatable levels by time:
     D:5: 2195 daAuts
     D:6: 2042 daAuts
     D:2: 1807 daAuts
     D:1: 1449 daAuts
   Sewer: 1390 daAuts
     D:4: 1384 daAuts
     D:7: 1053 daAuts
     D:3: 676 daAuts
     D:8: 104 daAuts
